 Dungeon Crawl Stone Soup version 0.21-a0-621-gc60411f (webtiles) character file.

47 Amnesiac the Changer (level 3, -1/25 HPs)
             Began as an Octopode Transmuter on Dec 23, 2017.
             Slain by an orc
             ... wielding a +0 club
              (3 damage)
             ... on level 3 of the Dungeon.
             The game lasted 00:01:08 (862 turns).

Amnesiac the Changer (Octopode Transmuter)           Turns: 862, Time: 00:01:09

Health: -1/25      AC:  2    Str:  9    XL:     3   Next: 70%
Magic:  3/6        EV: 20    Int: 15    God:
Gold:   26         SH:  0    Dex: 18    Spells: 0/6 levels left

rFire    . . .     SeeInvis .     - Unarmed
rCold    . . .     Gourm    .   (shield currently unavailable)
rNeg     . . .     Faith    .   (helmet currently unavailable)
rPois    x         Spirit   .   (no amulet)
rElec    .         Reflect  .   (no ring)
rCorr    .         Harm     .   (no ring)
MR       .....                  (no ring)
Stlth    ++........             (no ring)
HPRegen  0.08/turn              (no ring)
MPRegen  0.10/turn              (no ring)
                                (no ring)
                                (no ring)

@: spider-form (expiring), very slightly contaminated
A: tiny, almost no armour, stealthy swim, (amphibious), 8 rings, (constrict 8)
a: End Transformation


You were on level 3 of the Dungeon.
You were not hungry.
You were a venomous arachnid creature.
You visited 1 branch of the dungeon, and saw 3 of its levels.

You collected 26 gold pieces.

Inventory:

Missiles
 a - 26 arrows
Scrolls
 d - a scroll of blinking {!r, unknown}
 e - 2 scrolls of identify {!r, unknown}
 g - a scroll of fog {!r, unknown}
Books
 b - a book of Changes

   Spells                             Type                      Level
   a - Beastly Appendage              Transmutation                1
   b - Sticks to Snakes               Transmutation                2
   c - Spider Form                    Transmutation/Poison         3
   d - Ice Form                       Ice/Transmutation            4
   e - Blade Hands                    Transmutation                5
Comestibles
 c - 2 rations


   Skills:
 - Level 2.4 Fighting
 + Level 2.0 Dodging
 - Level 3.0 Unarmed Combat
 - Level 2.0 Spellcasting
 - Level 3.1 Transmutations


You couldn't memorise any spells.
You knew the following spells:

 Your Spells              Type           Power        Failure   Level  Hunger
a - Beastly Appendage     Tmut           ##....       17%         1    #......
b - Sticks to Snakes      Tmut           ##......     24%         2    ###....
e - Spider Form           Tmut/Pois      #.........   56%         3    ###....


Dungeon Overview and Level Annotations

Branches:
Dungeon (3/15)

Altars:


Innate Abilities, Weirdness & Mutations

You cannot wear most types of armour.
You are very stealthy in the water. (Stealth+)
((You are amphibious.))
You can wear up to eight rings at the same time.
((You can use your tentacles to constrict eight enemies at once.))
((Your skin changes colour to match your surroundings (Stealth+).))
((Your rubbery body absorbs attacks. (AC +1, EV +1)))


Message History

You finish memorising.
Spell assigned to 'c'.
You start resting.
All of the chunks of flesh in your inventory have rotted away.
HP restored.
You start resting.
HP restored.
Cast which spell? (? or * to list)
You don't know that spell.
Things that are here:
a dagger; a robe Adjust (i)tems, (s)pells, or (a)bilities?
Huh?
Okay, then.
Adjust (i)tems, (s)pells, or (a)bilities?
Adjust which spell? c - Spider Form Adjust to which letter? e - Spider Form Cast which spell? (? or * to list)
You miscast Spider Form.
You are very lightly contaminated with residual magic.
You feel mildly nauseous.
There is a stone staircase leading down here.
Casting: Spider Form
Confirm with . or Enter, or press ? or * to list all spells.
You miscast Spider Form.
Nothing appears to happen.
You start resting.
Magic restored.
Casting: Spider Form
Confirm with . or Enter, or press ? or * to list all spells.
You miscast Spider Form.
Nothing appears to happen.
You start resting.
Magic restored.
Casting: Spider Form
Confirm with . or Enter, or press ? or * to list all spells.
You turn into a venomous arachnid creature.
You climb downwards.
The orc hits you with a club. The orc completely misses you.
There is a stone staircase leading up here.
You completely miss the orc. The orc completely misses you.
The orc closely misses you. The orc hits you with a trident.
You hit the orc but do no damage.
The orc is poisoned.
The orc misses you. The orc closely misses you. The orc completely misses you.
You barely miss the orc.
The orc misses you. x2; The orc closely misses you.
You hit the orc.
The orc looks as sick as possible!
The orc is lightly wounded.
The orc hits you with a club.
You completely miss the orc. The orc hits you with a trident!
* * * LOW HITPOINT WARNING * * *
The orc barely misses you.
You hit the orc but do no damage.
The orc is poisoned.
Your transformation is almost over.
The orc completely misses you. The orc barely misses you.
The orc hits you with a mace.
* * * LOW HITPOINT WARNING * * *
You hit the orc.
The orc is heavily wounded.
You kill the orc!
The orc misses you. The orc hits you with a trident.
* * * LOW HITPOINT WARNING * * *
You hit the orc.
The orc is poisoned.
The orc is almost dead.
The orc hits you with a club.
You die...

.. .# .. .# #.
.. #. .# #. .#
.#
.#####.#.##.$#
......)......#
#.so# #..o#
.....# ####..#
#..# #..# #..#
#...


You could see 2 orcs.

Vanquished Creatures
  An orc wizard (D:2)
  A dart slug (D:1)
  An orc (D:3)
  4 goblins (D:1)
  2 hobgoblins (D:2)
  A kobold (D:2)
  A bat (D:2)
  A frilled lizard (D:1)
  3 rats (D:1)
15 creatures vanquished.

Notes
Turn   | Place    | Note
-------+----------+-------------------------------------------
     0 | D:1      | Amnesiac the Octopode Transmuter began the quest for the Orb.
     0 | D:1      | Reached XP level 1. HP: 13/13 MP: 3/3
   287 | D:1      | Reached XP level 2. HP: 15/18 MP: 5/5
   319 | D:1      | Learned a level 2 spell: Sticks to Snakes
   588 | D:2      | Reached XP level 3. HP: 10/25 MP: 6/6
   593 | D:2      | Learned a level 3 spell: Spider Form
   862 | D:3      | Slain by an orc

Vault maps used:
D:1:      minmay_arrival_checkered_box
D:2:      dancing_weapons_uskayaw
D:3:      minmay_randomly_rotated_circles

Skill      XL: |  1  2 |
---------------+-------+-----
Fighting       | 2 |  2.4
Transmutations | 3 |  3.1
Dodging        | |  2.0
Unarmed Combat | |  3.0
Spellcasting   | |  2.0

Action                   || total
-------------------------++-------
Melee: Unarmed           ||    54
       Constrict         ||    10
       Tentacles         ||     3
 Cast: Spider Form       ||     1
 Stab: Sleeping          ||     1
Armor: Skin              ||     3
Dodge: Dodged            ||    46

Table legend:
 A = Spawn XP
 B = Non-spawn XP
 C = Spawn XP percentage of total XP
 D = Spawn monster count
 E = Non-spawn monster count
 F = Spawn count percentage of total count
 G = Total turns spent on level
                    A         B        C        D         E        F      G
               +---------+---------+-------+---------+---------+-------+---------
         Total |       0 |      68 |   0.0 |       0 |      15 |   0.0 |   862
               +---------+---------+-------+---------+---------+-------+---------
           D:1 |       0 |      16 |   0.0 |       0 |       9 |   0.0 |   356
           D:2 |       0 |      49 |   0.0 |       0 |       5 |   0.0 |   496
           D:3 |       0 |       3 |   0.0 |       0 |       1 |   0.0 |    10
               +---------+---------+-------+---------+---------+-------+---------
